AoeStats
← Serpent23

Arena

510447940Analyzed
1v1 RM · 10h ago on Oct 1, 2026· 47m 20s· 2 players
Game mode
Random Map
Map size
Tiny (2 player)
Population
200
Speed
Normal
Resources
Standard
Victory
Conquest
Starting age
Dark Age
Ending age
Imperial Age
RankedLock teamsTeams togetherTeam positionsShared explorationLock speedFull tech treeHidden civsTurbo modeCheats
Victory
Defeat
🇲🇽 Teutons · Mexico
1376
+15
🇵🇰 Burgundians · Pakistan
1356
-15
Serpent23
3:54 Double-Bit Axe
9:14 Loom
11:03 Feudal Age
16:06 Castle Age
25:38 Scale Mail Armor
27:13 Scale Barding Armor
30:51 Horse Collar
31:21 Bow Saw
31:33 Herbal Medicine
35:43 Imperial Age
33:09 Fletching
35:53 Heavy Plow
36:19 Fortified Wall
37:27 Chemistry
37:01 Conscription
36:37 Bodkin Arrow
37:54 Padded Archer Armor
41:30 Ballistics
41:43 Bracer
42:24 Pikeman
44:14 Squires
46:05 Chain Mail Armor
emikirston
8:29 Feudal Age
7:52 Loom
9:17 Double-Bit Axe
11:57 Fletching
12:45 Horse Collar
19:01 Town Watch
22:15 Castle Age
21:26 Wheelbarrow
20:45 Gold Mining
24:44 Bow Saw
33:53 Squires
33:55 Scale Mail Armor
35:39 Stone Mining
38:31 Imperial Age
38:41 Scale Barding Armor
38:47 Forging
38:44 Cavalier
40:12 Bloodlines
41:11 Conscription
40:15 Paladin
41:17 Chain Barding Armor
43:07 Two-Man Saw
43:55 Iron Casting
45:44 Chemistry
47:31 Plate Barding Armor
Connection lost

Rejoining the realm…

Still unreachable

The connection could not be restored.

Session expired

The server has moved on; the page needs a fresh start.